[Event "*** Titled Tuesday Blitz"]
[Site "Chess.com"]
[Date "2021.04.06"]
[Round "3"]
[White "ZarinaShafigullina"]
[Black "Chesswizard_2007"]
[Result "0-1"]
[WhiteElo "2437"]
[BlackElo "2694"]
[TimeControl "180+1"]
[EndTime "10:29:20 PDT"]
[Termination "Chesswizard_2007 won on time"]

1. d4 Nf6 2. Nf3 g6 3. g3 Bg7 4. Bg2 O-O 5. O-O c5 6. c4 Nc6 7. Nc3 cxd4 8. Nxd4 d6 9. Nxc6 bxc6 10. Bxc6 Rb8 11.
Bg2 Qa5 12. e4 Ba6 13. Qd3 Rfc8 14. b3 Nd7 15. Bd2 Ne5 16. Qc2 e6 17. Rad1 Nxc4 18. bxc4 Rxc4 19. Rc1 Qc7 20. Qd3 Rc8 21. Ne2 Rxc1 22.
Qxa6 Rxf1+ 23. Bxf1 Qc4 24. Qb7 Qc7 25. Qa6 Qc6 26. Qxc6 Rxc6 27. Bf4 Kf8 28. Be3 Bb2 29. Bxa7 Ra6 30. Bd4 Rxa2 31. Bxb2 Rxb2 32. Nd4 Ke7 33.
Nc6+ Kd7 34. Nd4 Rb4 35. Nc2 Rxe4 36. Ne3 d5 37. Bb5+ Ke7 38. Bd3 Rb4 39. Kg2 f5 40. f4 Rb8 41. Kf3 Kd6 42. Nc2 h6 43. Ke3 g5 44. Nd4 g4 45. Ne2 Rb2 46. Nd4 Rxh2 47. Nb5+ Ke7 48. Nc7 Rg2 0-1

[Event "*** Titled Tuesday Blitz"]
[Site "Chess.com"]
[Date "2021.04.06"]
[Round "3"]
[White "VinzentSpitzl"]
[Black "MPGM"]
[Result "1-0"]
[WhiteElo "2413"]
[BlackElo "2569"]
[TimeControl "180+1"]
[EndTime "10:29:20 PDT"]
[Termination "VinzentSpitzl won on time"]

1. e4 c6 2. Nf3 d5 3. Nc3 dxe4 4. Nxe4 Nf6 5. Qe2 Bg4 6. Nxf6+ gxf6 7. h3 Bh5 8. d3 Nd7 9. g4 Bg6 10. Nh4 e6 11. Bg2 Nb6 12. f4 f5 13. g5 Bg7 14.
c3 Qd6 15. Be3 Nd5 16. Nxg6 hxg6 17. O-O O-O-O 18. Rad1 Rh4 19. Qf2 Rdh8 20. d4 f6 21. gxf6 Bxf6 22. c4 Nxe3 23. Qxe3 Rd8 24. d5 exd5 25.
cxd5 c5 26. Qe6+ Qxe6 27. dxe6 Rxd1 28. Rxd1 Bd4+ 29. Kh2 Rxf4 30. Re1 Bf6 31. e7 Bxe7 32. Rxe7 Rb4 33. b3 g5 34. Kg3 a5 35. Re5 c4 36. Rc5+ Kd7 37. Rxc4 Rxc4 38. bxc4 b6 39. Bd5 Kd6 40. Kf3 b5 41. Bg8 b4 42. Ke3 a4 43.
Kd4 g4 44. hxg4 fxg4 45. Bd5 b3 46. c5+ Kc7 47. axb3 1-0

[Event "*** Titled Tuesday Blitz"]
[Site "Chess.com"]
[Date "2021.04.06"]
[Round "3"]
[White "fearless_guy"]
[Black "Gerodot71"]
[Result "1-0"]
[WhiteElo "2789"]
[BlackElo "2558"]
[TimeControl "180+1"]
[EndTime "10:29:22 PDT"]
[Termination "fearless_guy won by resignation"]

1. e4 e5 2. Nf3 Nc6 3. d4 exd4 4. Nxd4 Bc5 5. Be3 Qf6 6. c3 Nge7 7. Bb5 Bb6 8. O-O O-O 9. a4 d5 10. Bxc6 bxc6 11. a5 Bxd4 12. Bxd4 Qg6 13. Bc5 Re8 14. e5 Be6 15. Nd2 Nf5 16. f4 h5 17. Nf3 Nh6 18. Nh4 Qg4 19. Qxg4 Bxg4 20. h3 Bd7 21. a6 g6 22. Ra4 Reb8 23. b4 Nf5 24. Nxf5 Bxf5 25. Kh2 Be4 26. Kg3 Kg7 27. Ra2 Rh8 28. Kh4 Kh6 29.
Be7 Rhe8 30. Bg5+ Kg7 31. Bf6+ Kh7 32. Kg5 c5 33. bxc5 Rab8 34. g4 c6 35. Rg1 Rb3 36. Rg3 d4 37. e6 Rxe6 38. Bxd4 Rb1 39. Rh2 Ra1 40. f5 Re8 41. Re3 h4 42. Kxh4 Rxa6 43. Rhe2 g5+ 44. Kg3 Ra1 45. Rxe4 1-0

[Event "*** Titled Tuesday Blitz"]
[Site "Chess.com"]
[Date "2021.04.06"]
[Round "3"]
[White "AttilaTurzo"]
[Black "Make_it_shine060"]
[Result "1-0"]
[WhiteElo "2502"]
[BlackElo "2206"]
[TimeControl "180+1"]
[EndTime "10:29:22 PDT"]
[Termination "AttilaTurzo won on time"]

1. d4 Nf6 2. Nf3 g6 3. Bg5 Bg7 4. c3 O-O 5. Nbd2 d5 6. e3 c5 7. Be2 Nc6 8. O-O Bf5 9. h3 Rc8 10. Qb3 Na5 11. Qa4 Bd7 12. Qa3 cxd4 13. exd4 Qb6 14.
Ne5 Bb5 15. Rfe1 e6 16. Bxb5 Qxb5 17. b4 Nc4 18. Ndxc4 dxc4 19. Bxf6 Bxf6 20. f4 a5 21. Rab1 Be7 22. Qxa5 Qe8 23. Qb6 Ra8 24. Re2 Ra3 25. Rc2 Qa8 26. Nxc4 Rxa2 27. Rcc1 Rc8 28. Na5 Bd8 29.
Qxb7 Bxa5 30. bxa5 Qxb7 31. Rxb7 Rxa5 32. Rb2 Rc4 33.
Kf2 Kg7 34. Ke3 Kf6 35. g4 h5 36. Kd3 Rc6 37. Rb7 hxg4 38. hxg4 Ra3 39. g5+ Kg7 40. Rxf7+ Kxf7 41. Rc2 Rcxc3+ 42. Rxc3 Ra2 43. Rc7+ Kg8 44. Re7 Ra3+ 45. Ke4 Ra6 46. Ke5 Ra4 47. Kf6 Ra5 48.
Kxg6 Ra8 49. Rxe6 Rd8 50. d5 Rf8 51. d6 Rd8 52. d7 1-0

[Event "*** Titled Tuesday Blitz"]
[Site "Chess.com"]
[Date "2021.04.06"]
[Round "3"]
[White "dhaessel"]
[Black "atwalcb"]
[Result "0-1"]
[WhiteElo "2076"]
[BlackElo "2482"]
[TimeControl "180+1"]
[EndTime "10:29:23 PDT"]
[Termination "atwalcb won by resignation"]

1. d4 Nf6 2. c4 e6 3. Nc3 Bb4 4. e3 b6 5. Bd3 Bb7 6. Nf3 d6 7.
O-O Bxc3 8. bxc3 Nbd7 9. e4 Nxe4 10. Qc2 Nef6 11. d5 e5 12. Ng5 h6 13. Nh3 Nc5 14. Be2 Bc8 15. f4 Bxh3 16. gxh3 Qd7 17. fxe5 dxe5 18.
Rf5 O-O-O 19. Rxe5 Qxh3 20. Bf4 Rhe8 21. Kh1 Rxe5 22.
Bxe5 Re8 23. Bd4 Nce4 24. Rg1 Qh4 25. Bd3 Qf4 26. Rxg7 Qf3+ 27. Rg2 Ng4 28. Kg1 f5 29. Be2 Qf4 30. Bd3 Ne3 31. Bxe3 Qxe3+ 32. Kh1 Qe1+ 33.
Rg1 Qe3 34. Rg2 Ng5 35. Qe2 Qxe2 36. Rxe2 Rxe2 37. Bxe2 Ne4 38. Bd3 Nf2+ 39. Kg2 Nxd3 40. Kf3 Ne5+ 41. Kf4 Nxc4 42. Kxf5 Ne3+ 43. Kg6 Nxd5 44.
Kxh6 Kd7 45. h4 Ke6 46. h5 Nf4 47. Kg7 Nxh5+ 48. Kg6 Kd5 49. Kxh5 Kc4 50. Kg4 Kxc3 51. Kf5 c5 52. Ke5 Kb2 53. Kd5 Kxa2 54. Kc6 c4 55. Kb7 c3 56. Kxa7 c2 57. Kxb6 c1=Q 58. Kb5 Qb2+ 59.
Kc6 Qb3 0-1

[Event "*** Titled Tuesday Blitz"]
[Site "Chess.com"]
[Date "2021.04.06"]
[Round "3"]
[White "Schack-Hugo"]
[Black "PowerThinking2650"]
[Result "0-1"]
[WhiteElo "2195"]
[BlackElo "2403"]
[TimeControl "180+1"]
[EndTime "10:29:23 PDT"]
[Termination "PowerThinking2650 won on time"]

1. e4 e5 2. Nf3 Nc6 3. Bc4 Nf6 4. d3 h6 5. c3 d6 6. O-O g6 7. Re1 Bg7 8. d4 Qe7 9. d5 Nb8 10. Bf1 O-O 11. Nfd2 Nh7 12. f3 Bf6 13. Nc4 Bg5 14. Bxg5 Qxg5 15. Qd2 Qxd2 16. Nbxd2 a5 17. a4 f5 18. Nb3 b6 19. Na3 Nf6 20. Bb5 Na6 21.
Bc6 Rb8 22. Nb5 Rf7 23. Na7 Bd7 24. Bb5 Bxb5 25. axb5 Ra8 26. Nc6 Nb8 27. Nd2 Nbd7 28. b4 a4 29. Ra2 fxe4 30. fxe4 Ng4 31. Nc4 Raf8 32. h3 Nf2 33. Rf1 Nxe4 34. Rxf7 Rxf7 35.
Rxa4 Nxc3 36. Ra8+ Kg7 37. Rc8 Nxd5 38. Nd8 Re7 39.
Nc6 N7f6 40. Nxe7 Nxe7 41. Rxc7 Kf7 42. Nxd6+ Ke6 43. Nc4 Nfd5 44. Ra7 e4 45. Ra6 Nc8 46. Ra8 Kd7 47. Kf2 g5 48. g4 Nxb4 49. Ke3 Nd6 0-1

[Event "*** Titled Tuesday Blitz"]
[Site "Chess.com"]
[Date "2021.04.06"]
[Round "3"]
[White "Chuchofrio1"]
[Black "Zmof"]
[Result "0-1"]
[WhiteElo "2370"]
[BlackElo "2211"]
[TimeControl "180+1"]
[EndTime "10:29:23 PDT"]
[Termination "Zmof won by checkmate"]

1. e4 c5 2. Nc3 a6 3. f4 b5 4. Nf3 Bb7 5. d3 e6 6. g3 d5 7. e5 h5 8. Bg2 Ne7 9. O-O Nf5 10.
Ne2 Nc6 11. a4 b4 12. c3 a5 13. Bd2 Qb6 14. Kh1 Be7 15. h3 Rd8 16. Kh2 d4 17. c4 Ne3 18. Bxe3 dxe3 19. Ne1 Nd4 20. Nxd4 cxd4 21. Qe2 f6 22. b3 Rd7 23. Bf3 Bxf3 24.
Qxf3 h4 25. g4 fxe5 26. fxe5 Rf8 27. Qa8+ Rd8 28. Rxf8+ Kxf8 29. Qe4 Kg8 30. Ng2 Rf8 31.
Nf4 Bg5 32. Nh5 Rf2+ 33. Kg1 Qd8 34. c5 Qe7 35. c6 Qf7 36. Rc1 e2 37. c7 Rf1+ 38.
Kh2 Qf2+ 39. Qg2 Qxg2+ 40. Kxg2 Rxc1 41. c8=Q+ Rxc8 42. Kf2 Rc2 43. Ke1 Be3 44. g5 Bxg5 45.
Kf2 Kf7 46. Ke1 Kg6 47. Nf4+ Bxf4 48. Kf2 Bxe5 49. Ke1 Kf5 50. Kf2 Kf4 51. Ke1 Rb2 52. Kf2 Rxb3 53. Ke1 Ra3 54. Kd2 Rxa4 55. Ke1 Ra1+ 56.
Kf2 e1=Q+ 57. Kg2 Qh1+ 58. Kf2 Rf1+ 59. Ke2 Qg2# 0-1

[Event "*** Titled Tuesday Blitz"]
[Site "Chess.com"]
[Date "2021.04.06"]
[Round "3"]
[White "Darius321"]
[Black "Alexander_Zubov"]
[Result "1/2-1/2"]
[WhiteElo "2286"]
[BlackElo "2981"]
[TimeControl "180+1"]
[EndTime "10:29:25 PDT"]
[Termination "Game drawn by repetition"]

1. e4 e5 2. Nf3 Nc6 3. Bc4 Bc5 4. d3 Nf6 5. c3 d6 6. Nbd2 O-O 7. Nf1 Ng4 8. Ne3 Nxe3 9. Bxe3 Bxe3 10. fxe3 a6 11. a3 Qe7 12. O-O Be6 13. Bxe6 Qxe6 14.
c4 a5 15. b3 Qh6 16. Qe1 Ne7 17. Nh4 g6 18. Qg3 Kh8 19. Rf6 Ng8 20. Rf3 f6 21. Raf1 Rad8 22. Qg4 Qg7 23. Rh3 Ne7 24. Qe6 f5 25.
Qxe7 f4 26. Qxg7+ Kxg7 27. exf4 exf4 28. Nf3 h6 29. Nd4 Rde8 30. Rhf3 g5 31. g3 Kf6 32. gxf4 g4 33. Rg3 Rg8 34. Nc2 h5 35. Ne3 c6 36. h4 Ra8 37. a4 Ra6 38. Kh2 Rb6 39. Rb1 Re8 40. Nf5 d5 41. Nd6 Ra8 42. e5+ Ke6 43. c5 Rb4 44. f5+ Kxe5 45. Re1+ Kd4 46. f6 Rf8 47. f7 Rxb3 48. Re8 Rxf7 49. Nxf7 Kxc5 50. Re7 b5 51. d4+ Kc4 52. Rxb3 Kxb3 53. axb5 cxb5 54. Rb7 b4 55. Ne5 Kc3 56. Nc6 b3 57.
Rxb3+ Kxb3 58. Nxa5+ Kc3 59. Nc6 Kd3 60. Kg3 Ke4 61.
Kf2 Kf4 62. Kg2 Ke4 63. Kf2 Kd3 64. Kg3 Ke4 65. Kf2 1/2-1/2

[Event "*** Titled Tuesday Blitz"]
[Site "Chess.com"]
[Date "2021.04.06"]
[Round "3"]
[White "Kretov_Evgenij"]
[Black "kuli4ik"]
[Result "0-1"]
[WhiteElo "2615"]
[BlackElo "2871"]
[TimeControl "180+1"]
[EndTime "10:29:26 PDT"]
[Termination "kuli4ik won by resignation"]

1. c4 e5 2. Nc3 Nc6 3. g3 Bc5 4. Bg2 a6 5. e3 d6 6. h3 Ba7 7. Nge2 h5 8. d4 Nge7 9. b3 Nf5 10. dxe5 dxe5 11. Qxd8+ Nxd8 12. Nd5 Ne6 13. Bb2 f6 14. O-O-O Bd7 15. Kb1 O-O-O 16. Be4 Nd6 17. Bc2 Kb8 18. h4 Nc5 19. Nec3 Bf5 20. Ne7 Bxc2+ 21. Kxc2 Rde8 22. Ned5 Nce4 23. Nxe4 Nxe4 24. Rhf1 Rd8 25. Nc3 Nxc3 26. Bxc3 Kc8 27. e4 Rxd1 28. Kxd1 Rd8+ 29. Ke2 Bd4 30. Bd2 Kd7 31. f3 Ke6 32. g4 Rh8 33. Rh1 g6 34. Bc1 c6 35. Bd2 b5 36. cxb5 axb5 37.
a4 Ra8 38. a5 c5 39. b4 cxb4 40. Bxb4 Rc8 41. Kd3 Rc4 42. Rb1 Kd7 43. gxh5 gxh5 44. Bd2 Kc6 45. Rg1 Ra4 46. Rg6 b4 47. Rxf6+ Kb5 48.
a6 b3 49. Rf8 b2 50. Kc2 Ra1 51. Rb8+ Kxa6 52. f4 exf4 53. Bxf4 Rf1 54. Bg5 Re1 55. Kd3 Be5 56. Kc2 Bxb8 0-1

[Event "*** Titled Tuesday Blitz"]
[Site "Chess.com"]
[Date "2021.04.06"]
[Round "3"]
[White "PavelShkapenko"]
[Black "profofchess"]
[Result "1/2-1/2"]
[WhiteElo "2727"]
[BlackElo "2519"]
[TimeControl "180+1"]
[EndTime "10:29:28 PDT"]
[Termination "Game drawn by agreement"]

1. e4 e6 2. d4 d5 3. exd5 exd5 4. Nf3 Nf6 5. c4 Bb4+ 6. Nc3 Qe7+ 7. Be2 dxc4 8. O-O h6 9. Bxc4 O-O 10. Re1 Qd6 11.
Ne5 Nc6 12. Be3 Bxc3 13. bxc3 Nxe5 14. dxe5 Qxe5 15. Qb3 Ng4 16. g3 Qh5 17. h4 Ne5 18. Be2 Bg4 19. Qd1 Nf3+ 20. Bxf3 Bxf3 21. Qd4 Rad8 22.
Qf4 Bc6 23. Bd4 Qd5 24. f3 Qxf3 25. Qxf3 Bxf3 26. Re7 c5 27. Bxc5 Rd2 28. Re3 Rc8 29. Bxa7 Rg2+ 30. Kf1 Bc6 31. Bd4 Rh2 32. Rae1 Rxa2 33.
Kg1 Rg2+ 34. Kf1 Ra8 35. Re8+ Rxe8 36. Rxe8+ Kh7 37. Re3 Rh2 38. Ke1 Kg6 39. Be5 f6 40. Bf4 Rc2 41. Kd1 Ra2 42. Kc1 h5 43. Kb1 Rg2 44. Kc1 Kf5 45. Bc7 g6 46. Rd3 Kg4 47. Rd2 Rxd2 48. Kxd2 Kf3 49. Ke1 g5 50. hxg5 fxg5 51. Kf1 h4 52. gxh4 gxh4 53. Kg1 h3 54. Kh2 Bd7 55. Be5 Ke4 56. Bh8 Kd3 57. Kg3 Kc4 58. Kh2 b5 59. Kg3 b4 60. cxb4 Kxb4 61. Kh2 Kc4 1/2-1/2

[Event "*** Titled Tuesday Blitz"]
[Site "Chess.com"]
[Date "2021.04.06"]
[Round "3"]
[White "tylityli"]
[Black "Alliswell998"]
[Result "1-0"]
[WhiteElo "2338"]
[BlackElo "2608"]
[TimeControl "180+1"]
[EndTime "10:29:28 PDT"]
[Termination "tylityli won by checkmate"]

1. d4 Nf6 2. c4 c5 3. d5 b5 4. Nd2 g6 5. b3 Bg7 6. Bb2 bxc4 7. bxc4 O-O 8. Ngf3 d6 9. e4 Bg4 10. Be2 Nbd7 11. O-O Rb8 12. Bc3 Nb6 13. Qc2 Qc8 14. a4 Qa6 15. a5 Nbd7 16. Rab1 Rfc8 17. Rb5 h6 18. Rfb1 Kh7 19. h3 Bxf3 20. Nxf3 Ne8 21. Bxg7 Nxg7 22. Qc3 Ne8 23. e5 Nc7 24. Rxb8 Rxb8 25.
Rxb8 Nxb8 26. exd6 Qxd6 27. Ne5 f6 28. Nd3 Nd7 29.
f4 Na6 30. Bg4 Nb4 31. Bxd7 Nxd3 32. Qxd3 Qxd7 33. Qb3 Qd6 34. Qb7 a6 35. Qb6 Kg7 36. Qxd6 exd6 37. Kf2 f5 38. Kf3 Kf6 39. h4 g5 40.
hxg5+ hxg5 41. g3 Kg6 42. Kg2 Kh6 43. Kh2 Kh7 44. Kg2 Kg7 45. Kh2 Kg6 46. Kg2 Kh5 47.
Kh3 Kh6 48. Kg2 Kh7 49. Kh2 gxf4 50. gxf4 Kg7 51. Kg2 Kf6 52. Kf3 Kg6 53. Kg3 Kh5 54. Kh3 Kh6 55. Kh4 Kg6 56. Kg3 Kh5 57. Kh3 Kg6 58.
Kh4 Kf6 59. Kh5 Ke7 60. Kg6 Ke8 61. Kf6 Kd7 62. Kxf5 Ke7 63. Kg6 Kf8 64. Kf6 Ke8 65.
Ke6 Kd8 66. Kxd6 Ke8 67. f5 Kf7 68. Kxc5 Kf6 69. Kb6 Kxf5 70. c5 Ke5 71. c6 Kd6 72. c7 Kd7 73. Kb7 Kd6 74. c8=Q Kxd5 75. Qc6+ Ke5 76. Qxa6 Kd4 77. Qc6 Ke5 78. a6 Kd4 79. a7 Ke5 80. a8=Q Kd4 81. Qd8+ Ke3 82. Qce8+ Kf4 83.
Qf6+ Kg4 84. Qg8+ Kh5 85. Qfh8# 1-0

[Event "*** Titled Tuesday Blitz"]
[Site "Chess.com"]
[Date "2021.04.06"]
[Round "3"]
[White "VitaRasik"]
[Black "kubal123"]
[Result "0-1"]
[WhiteElo "2593"]
[BlackElo "2225"]
[TimeControl "180+1"]
[EndTime "10:29:28 PDT"]
[Termination "kubal123 won on time"]

1. e4 e6 2. Bb5 a6 3. Ba4 b5 4.
Bb3 Bb7 5. d3 c5 6. c3 Nc6 7.
Nf3 d6 8. O-O Nf6 9. Re1 Be7 10. d4 O-O 11. Nbd2 e5 12. d5 Nb8 13. Bc2 Nbd7 14. b3 Nb6 15. Nf1 Bc8 16. h3 Bd7 17.
Ng3 Qc7 18. Be3 c4 19. Qd2 Rfc8 20. Ne2 a5 21. Reb1 Rcb8 22. Qd1 Be8 23. Nd2 Nfd7 24. bxc4 Nxc4 25. Nxc4 bxc4 26. f3 Nc5 27. Rxb8 Rxb8 28. Rb1 Rxb1 29. Qxb1 Qb7 30. Bxc5 Qxb1+ 31. Bxb1 dxc5 32.
Bc2 a4 33. g3 Bd8 34. Kf2 Kf8 35. Ke3 a3 36. h4 Ke7 37. Ng1 Kd6 38. Nh3 h6 39.
Nf2 Ba5 40. Kd2 Bd7 41. f4 exf4 42. gxf4 f6 43. Bd1 g5 44. fxg5 fxg5 45. hxg5 hxg5 46. Bg4 Ba4 47. Bf5 Bb3 48. Ng4 Bxa2 49. Be6 Bb3 50. e5+ Ke7 51. Bf5 a2 52. d6+ Kf8 53. e6 a1=Q 54. e7+ Kf7 0-1

[Event "*** Titled Tuesday Blitz"]
[Site "Chess.com"]
[Date "2021.04.06"]
[Round "3"]
[White "kikydu96"]
[Black "vrekhson"]
[Result "1-0"]
[WhiteElo "2440"]
[BlackElo "2213"]
[TimeControl "180+1"]
[EndTime "10:29:29 PDT"]
[Termination "kikydu96 won by resignation"]

1. e4 c5 2. Nf3 a6 3. c3 e6 4. d4 d5 5. exd5 exd5 6. Bd3 Nf6 7. O-O Be7 8. dxc5 Bxc5 9. Nbd2 O-O 10. Nb3 Bd6 11.
Nbd4 Ne4 12. Re1 Re8 13. Be3 Nc6 14. Qc2 Bg4 15. h3 Bh5 16. Nxc6 bxc6 17. Nd4 Qd7 18. f3 c5 19. fxe4 cxd4 20. Bxd4 dxe4 21. Bxe4 Bg6 22. Bxg6 hxg6 23. Qf2 Rab8 24. Rad1 Qc7 25. Rxe8+ Rxe8 26. Rd3 Re6 27. Re3 Rxe3 28. Qxe3 Kh7 29. Qe4 f6 30.
Qh4+ Kg8 31. Qg4 Kh7 32. h4 Qe7 33. Kf1 f5 34. Qf3 Qxh4 35. Qh3 g5 36. Qxh4+ gxh4 37. c4 g5 38. c5 Bc7 39. b4 Kg6 40. a4 Kf7 41. b5 axb5 42. axb5 Ke6 43. b6 Bb8 44. c6 Kd6 45. c7 Bxc7 46. bxc7 Kxc7 47. Bf6 h3 48. gxh3 Kd6 49. Bxg5 Ke6 50. Kf2 Kf7 51. Kf3 Kg6 52. Kf4 Kh5 53. Bd8 Kg6 54. Be7 Kf7 55.
Bh4 Kg6 56. Bd8 Kh5 57. Kxf5 Kh6 58. h4 Kh5 59. Kf4 Kh6 60. Kg4 Kg6 61. h5+ Kh6 62.
Bg5+ Kh7 63. h6 Kh8 64. Kh5 Kh7 65. Bf4 Kg8 66. Kg6 Kh8 67. Be5+ Kg8 68. h7+ 1-0

[Event "*** Titled Tuesday Blitz"]
[Site "Chess.com"]
[Date "2021.04.06"]
[Round "3"]
[White "XDPS"]
[Black "GM_LOADING"]
[Result "1/2-1/2"]
[WhiteElo "2754"]
[BlackElo "2540"]
[TimeControl "180+1"]
[EndTime "10:29:30 PDT"]
[Termination "Game drawn by repetition"]

1. e4 e5 2. Nf3 Nc6 3. Bb5 g6 4. O-O Bg7 5. c3 a6 6. Ba4 Nge7 7. Re1 O-O 8. h3 d6 9. d4 exd4 10. cxd4 b5 11. Bb3 Na5 12. Be3 Bb7 13. Nbd2 Nxb3 14. Qxb3 Qd7 15. Rac1 Rac8 16. a4 h6 17. axb5 axb5 18.
d5 f5 19. Bd4 fxe4 20. Rxe4 Nxd5 21. Rg4 Kh7 22. Bxg7 Qxg7 23. Qxb5 c5 24. Re1 Nf4 25. Re3 Bc6 26. Qc4 Nd5 27. Re6 Rce8 28. Rexg6 Qxg6 29. Rxg6 Kxg6 30. Qd3+ Kg7 31. Nc4 Nf4 32. Qc3+ Kg8 33.
Kh2 Bxf3 34. Qxf3 d5 35. Nd6 Re6 36. Nb7 Rg6 37. g3 Ne6 38. Qxd5 Rxf2+ 39. Kg1 Re2 40. g4 Rf6 41. Nxc5 Kg7 42. Nxe6+ Rfxe6 43. Qd4+ Kg6 44. Qd3+ Kg5 45. b4 R6e3 46. Qd8+ Kf4 47. Qd6+ Kf3 48. Qd5+ Kf4 49. Qd6+ Kf3 50. Qf6+ Kg3 51. Qd6+ Kf3 1/2-1/2

[Event "*** Titled Tuesday Blitz"]
[Site "Chess.com"]
[Date "2021.04.06"]
[Round "3"]
[White "McCarthyStone"]
[Black "serhanberat_ozdemir"]
[Result "0-1"]
[WhiteElo "2401"]
[BlackElo "2630"]
[TimeControl "180+1"]
[EndTime "10:29:31 PDT"]
[Termination "serhanberat_ozdemir won on time"]

1. Nf3 Nf6 2. c4 g6 3. d4 Bg7 4. Nc3 O-O 5. e4 d6 6. Be2 Bg4 7. Be3 Nfd7 8. O-O c5 9. Ne1 Bxe2 10. Nxe2 Nc6 11. f3 cxd4 12. Nxd4 Qb6 13. Nec2 Nxd4 14. Bxd4 Bxd4+ 15. Qxd4 Rac8 16. Qxb6 Nxb6 17. b3 Nd7 18. Rfd1 b5 19. Ne3 bxc4 20. Nxc4 Rc5 21. Rd2 Rfc8 22.
Rad1 Nb6 23. Nxb6 axb6 24. Kf2 b5 25. Ke3 b4 26. g4 f5 27. exf5 gxf5 28. Rd4 Ra8 29.
R1d2 Rca5 30. Rxb4 Rxa2 31. Rxa2 Rxa2 32. h4 Kf7 33.
Rf4 e6 34. Rb4 Kf6 35. g5+ Ke5 36. Rb5+ d5 37. f4+ Kd6 38. Rb7 Rb2 39. h5 Rh2 40. Rxh7 Rh3+ 41. Kd2 Rxb3 42. h6 e5 43. fxe5+ Kxe5 44. Re7+ Kd6 45. Re2 Rg3 46. Rh2 Ra3 47. h7 Ra2+ 48.
Ke3 Rxh2 49. g6 Rh3+ 50. Kf4 Ke6 51. g7 Rh4+ 52. Kg5 Rg4+ 53. Kh6 Kf6 0-1

[Event "*** Titled Tuesday Blitz"]
[Site "Chess.com"]
[Date "2021.04.06"]
[Round "3"]
[White "HackingKid98"]
[Black "GMHess"]
[Result "1-0"]
[WhiteElo "2473"]
[BlackElo "2754"]
[TimeControl "180+1"]
[EndTime "10:29:32 PDT"]
[Termination "HackingKid98 won on time"]

1. Nf3 g6 2. d4 Bg7 3. e4 a6 4. a4 d6 5. Bc4 e6 6. O-O Ne7 7. Qe2 Nd7 8. c3 b6 9. Bf4 h6 10. h3 Bb7 11. Nbd2 g5 12. Bh2 Ng6 13. a5 b5 14. Bb3 e5 15. dxe5 dxe5 16. Rfd1 Qe7 17. Nf1 Nf4 18. Bxf4 exf4 19. e5 Nxe5 20. Nxe5 Qxe5 21.
Qh5 O-O 22. Rd7 Kh8 23. Nh2 Rad8 24. Ng4 Qe4 25. f3 Qc6 26. Rxd8 Rxd8 27. Qxf7 Qd7 28. Qh5 Qd6 29. Re1 Bc8 30. Re8+ Rxe8 31. Qxe8+ Qf8 32. Qg6 Bf5 33. Qxa6 Qc5+ 34. Kh2 Bxg4 35. hxg4 Kh7 36. Bc2+ Kg8 37. Qc8+ Bf8 38. Qe6+ Kh8 39. Qg6 Qe7 40. a6 c5 41. a7 Qxa7 42. Qf6+ Qg7 43. Qf5 b4 44.
cxb4 cxb4 45. b3 Qe7 46. Kh3 Kg8 47. Qg6+ Bg7 48. Bd3 Kf8 49. Bc4 Qf6 50. Qe4 Qa1 51.
Qf5+ Ke7 52. Qe6+ Kd8 53. Qd6+ Kc8 54. Ba6+ 1-0

[Event "*** Titled Tuesday Blitz"]
[Site "Chess.com"]
[Date "2021.04.06"]
[Round "3"]
[White "grzechu96"]
[Black "korkmaz16"]
[Result "1-0"]
[WhiteElo "2654"]
[BlackElo "2428"]
[TimeControl "180+1"]
[EndTime "10:29:32 PDT"]
[Termination "grzechu96 won by checkmate"]

1. e4 e6 2. d4 d5 3. Bd3 dxe4 4.
Bxe4 Nf6 5. Bf3 c5 6. Ne2 Nc6 7.
Be3 cxd4 8. Nxd4 Nxd4 9. Qxd4 Qxd4 10. Bxd4 Be7 11. Nc3 a6 12. Na4 Bd7 13. Nb6 Rd8 14. Bxb7 Rb8 15. Nxd7 Rxb7 16. Nxf6+ Bxf6 17. Bxf6 gxf6 18. O-O-O Ke7 19. Rd4 e5 20. Rd3 h5 21. Rhd1 h4 22.
Rd6 Rg8 23. g3 hxg3 24. hxg3 Ra8 25. Rc6 a5 26. a4 Raa7 27. Rdd6 f5 28. Rd5 f6 29.
Rdd6 Rb4 30. b3 f4 31. Rxf6 fxg3 32. fxg3 e4 33. Rce6+ Kd7 34. Kd2 Rc7 35. Rf7+ Kxe6 36. Rxc7 Kd5 37. Ke3 Rb8 38. Rd7+ Ke6 39. Rd4 Rg8 40.
Rxe4+ Kd5 41. g4 Rh8 42. Rf4 Rh3+ 43. Rf3 Rh2 44. Kd3 Rg2 45. Rf5+ Kc6 46. Rxa5 Rxg4 47.
Kc3 Kb6 48. Rb5+ Kc6 49. Kb2 Rh4 50. c4 Rg4 51. Kc3 Rh4 52. Kb4 Rg4 53. a5 Rh4 54. Rb6+ Kc7 55. Kb5 Rh5+ 56. c5 Rh1 57. b4 Ra1 58. a6 Ra2 59. Rb7+ Kc8 60. Kb6 Ra4 61. b5 Ra3 62. c6 Rd3 63. a7 Ra3 64. Rb8# 1-0

[Event "*** Titled Tuesday Blitz"]
[Site "Chess.com"]
[Date "2021.04.06"]
[Round "3"]
[White "Meri-Arabidze"]
[Black "Jospem"]
[Result "0-1"]
[WhiteElo "2642"]
[BlackElo "2913"]
[TimeControl "180+1"]
[EndTime "10:29:34 PDT"]
[Termination "Jospem won on time"]

1. Nf3 c5 2. c4 Nc6 3. Nc3 g6 4. g3 Bg7 5. Bg2 d6 6. O-O e6 7. d3 Nge7 8. a3 O-O 9. Bd2 h6 10. Rb1 b6 11. b4 Rb8 12. h4 Bb7 13. Qc1 Kh7 14. e3 f5 15. d4 e5 16. d5 e4 17. dxc6 exf3 18. Bxf3 Nxc6 19. Nd5 Ne5 20. Bg2 cxb4 21. Bxb4 Rc8 22. Qd1 Rxc4 23. Re1 Qd7 24. Bf1 Qc6 25. Bg2 Qd7 26. Bf1 Rfc8 27. f4 Ng4 28.
Bxc4 Rxc4 29. e4 fxe4 30. Ne3 Nxe3 31. Rxe3 d5 32. Qe2 b5 33. Kh2 d4 34. Rxe4 Bxe4 35.
Qxe4 d3 36. Qe3 Rc2+ 37. Bd2 Bd4 38. Qe1 Bc3 39. Rd1 a5 40. h5 Bxd2 41. Rxd2 Rxd2+ 42. Qxd2 gxh5 43. Kg1 Qd4+ 44. Kf1 b4 45. axb4 axb4 46. Qe1 Qd6 47. Qe4+ Kg7 48. Ke1 b3 49. Qb7+ Kf6 50. Qxb3 Qd4 51. Kd2 Qf2+ 52. Kc1 Qe1+ 53. Kb2 d2 54.
Qb6+ Kf5 55. Qc5+ Kg4 56. Qc8+ Kf3 0-1

[Event "*** Titled Tuesday Blitz"]
[Site "Chess.com"]
[Date "2021.04.06"]
[Round "3"]
[White "gahryman"]
[Black "elohunter1999"]
[Result "1/2-1/2"]
[WhiteElo "2754"]
[BlackElo "2539"]
[TimeControl "180+1"]
[EndTime "10:29:34 PDT"]
[Termination "Game drawn - insufficient material"]

1. e4 c6 2. d4 d5 3. exd5 cxd5 4. Bd3 Nc6 5. c3 Qc7 6. Na3 a6 7. Nc2 Nf6 8. h3 e5 9. dxe5 Nxe5 10. Nf3 Bd6 11.
O-O O-O 12. Be3 Bd7 13. Bd4 Rfe8 14. Ne3 Rad8 15. Bf5 Bxf5 16. Nxf5 Nxf3+ 17. Qxf3 Bh2+ 18. Kh1 Be5 19. Rad1 Ne4 20. Ne3 Nf6 21. Bxe5 Qxe5 22.
Rd4 Re6 23. Rfd1 Red6 24. Kg1 h6 25. R1d3 R6d7 26. Qd1 b5 27. a4 g6 28. axb5 axb5 29. Ng4 Nxg4 30. Rxg4 Kg7 31. Rgd4 Qe6 32. h4 h5 33. g3 Qc6 34. Kg2 Qe6 35. Qd2 Qc6 36.
Kg1 Qe6 37. Qd1 Qc6 38. Rd2 Qe6 39. Kh2 Qc6 40. Kg2 Qe6 41. Kg1 Qc6 42. Kh2 Qe6 43. b3 Qc6 44. c4 bxc4 45. bxc4 Qf6 46. Kg2 Rd6 47. Rxd5 Rxd5 48. cxd5 Rd6 49. Qf3 Qe5 50. Rd1 f5 51. Kg1 Kf6 52. Kg2 Qe4 53. Qxe4 fxe4 54. f4 exf3+ 55. Kxf3 Ke5 56. Ke3 Rxd5 57. Rxd5+ Kxd5 58. Kf4 Ke6 59. Kg5 Kf7 60. g4 hxg4 61.
Kxg4 Kf6 62. h5 gxh5+ 63. Kxh5 1/2-1/2

[Event "*** Titled Tuesday Blitz"]
[Site "Chess.com"]
[Date "2021.04.06"]
[Round "3"]
[White "Forantes"]
[Black "iamnotIM"]
[Result "0-1"]
[WhiteElo "2352"]
[BlackElo "2549"]
[TimeControl "180+1"]
[EndTime "10:29:35 PDT"]
[Termination "iamnotIM won by resignation"]

1. Nf3 Nf6 2. g3 c5 3. Bg2 Nc6 4. d4 cxd4 5. Nxd4 g6 6. O-O Bg7 7. c4 O-O 8. Nc3 d6 9. Nb3 a5 10. Bg5 a4 11. Nd4 a3 12. Nxc6 bxc6 13. b3 Qa5 14.
Qd2 h6 15. Bxf6 Bxf6 16. Rac1 Bd7 17. Rfd1 Bg5 18. f4 Bf6 19. Ne4 Qa7+ 20. c5 Bg7 21. e3 d5 22. Nf2 Bc8 23. e4 e6 24. e5 Ba6 25. Nd3 Rfb8 26. Qc3 Bxd3 27. Rxd3 Bf8 28. Rd2 Qa5 29. Qxa5 Rxa5 30. Rdc2 Rb4 31. Bf1 h5 32. Kf2 h4 33. Ke3 Be7 34. Bd3 Kg7 35. Kf3 hxg3 36. hxg3 Ra8 37. Ke3 Rh8 38. Kf3 f6 39.
exf6+ Kxf6 40. Re1 Re8 41. Rce2 Bf8 42. g4 Bxc5 43.
Bxg6 Kxg6 44. Rxe6+ Rxe6 45. Rxe6+ Kf7 46. Rxc6 Be7 47. f5 Rd4 48. Rc7 Rd2 49. g5 Kf8 50. f6 Bxf6 51. gxf6 Rxa2 52. Ra7 Ra1 53. Ke3 a2 54.
Kd2 Rh1 55. Rxa2 Rh2+ 56. Kd3 Rxa2 57. Kd4 Rd2+ 58. Kc5 0-1